cohdb
Replays
Latest Replays
All Replays
Popular Replays
Top Player Replays
Match Explorer
How It Works
Community
CoH3 Stats
Reddit
Sign in to upload your games and track your stats! →
Sign in with Steam
Match 39679035
Unlisted
Match 39679035
Overview
Messages
Build Orders
End
Selects Terror Battlegroup
Kettenkrad Recon Vehicle
Construct Infanterie Kompanie
Grenadier Squad
Grenadier Squad
MG 42 Machine Gun Team
Selects Machine Gun Camouflage
Construct Panzergrenadier Kompanie
Grenadier Squad
Panzergrenadier Officer Quarters
Pak 40 Anti-tank Gun Team
Medical Station
Panzergrenadier Squad
m N z
sword_crusher
0
0
Comments
sign in to comment!
No comments posted yet!